 Dungeon Crawl Stone Soup version 0.19-a0-831-gce7da8b (webtiles) character file.

31431 Fubayashi the Thaumaturge (level 13, -4/78 HPs)
             Began as a Gargoyle Earth Elementalist on June 29, 2016.
             Was a High Priest of Vehumet.
             Killed by divine providence
             ... invoked by a meliai
              (10 damage)
             ... on level 5 of the Lair of Beasts on June 30, 2016.
             The game lasted 02:25:51 (25286 turns).

Fubayashi the Thaumaturge (GrEE)                   Turns: 25286, Time: 02:25:52

Health: -4/78      AC: 23    Str: 16    XL:     13   Next: 58%
Magic:  36/36      EV: 16    Int: 20    God:    Vehumet [*****.]
Gold:   911        SH:  0    Dex: 10    Spells: 6 memorised, 11 levels left

rFire  + . .     SeeInvis .     v - +5 flail (crush)
rCold  + . .     Gourm    .     z - +1 robe {rF+}
rNeg   + . .     Faith    .     l - +1 buckler
rPois  ∞         Spirit   .     q - +2 hat
rElec  +         Dismiss  .     L - +0 cloak
rCorr  .         Reflect  .     r - +2 pair of gloves {Str+3}
SustAt .         Harm     +     (no boots)
MR     .....                    J - amulet of harm
Stlth  +.........               R - ring of Xauch {rElec rC+ MP+9}
                                S - +4 ring of protection

@: confused, studying Maces & Flails, not resistant to hostile enchantments,
very unstealthy
A: repulsion field 1, negative energy resistance 1, electricity resistance,
unbreathing, petrification resistance, rot immunity, AC +9
a: Renounce Religion


You were on level 5 of the Lair of Beasts.
You worshipped Vehumet.
Vehumet was extremely pleased with you.
You were hungry.

You visited 3 branches of the dungeon, and saw 16 of its levels.
You also visited: Labyrinth and Volcano.

You collected 911 gold pieces.

Inventory:

Hand Weapons
 v - a +5 flail of crushing (weapon)
Armour
 l - a +1 buckler (worn)
 m - a +2 robe of cold resistance
 q - a +2 hat (worn)
 r - a +2 pair of gloves of strength (worn)
 z - a +1 robe of fire resistance (worn)
 L - a +0 cloak (worn)
Jewellery
 k - an uncursed ring of see invisible
 J - an amulet of harm (around neck)
 N - an uncursed ring of protection from magic
 O - an uncursed ring of protection from fire
 R - the ring of Xauch (right hand) {rElec rC+ MP+9}
   (You found it on level 8 of the Dungeon)

   [ring of magical power]

   It protects you from cold.
   It insulates you from electricity.
   It affects your magic capacity (+9).
 S - a +4 ring of protection (left hand)
Wands
 W - a wand of teleportation (0/9) {@v4}
Scrolls
 a - 4 scrolls of teleportation {@r4}
 f - 3 scrolls of fog
 h - a scroll of enchant armour
 i - 3 scrolls of identify {@r1}
 n - a scroll of remove curse {@r2}
 u - 2 scrolls of fear
 B - 3 scrolls of blinking
 M - a scroll of magic mapping
Potions
 g - a potion of haste {@q3}
 j - 2 potions of curing {@q1}
 o - a potion of invisibility
 p - a potion of cancellation
 x - a potion of ambrosia
 A - 2 potions of might
 D - a potion of brilliance
 E - 3 potions of agility
 I - a potion of resistance
Books
 U - a manual of Maces & Flails {!d}
Miscellaneous
 C - a lamp of fire
 Y - a phantom mirror
 Z - a sack of spiders
Comestibles
 s - 2 meat rations {@e1}
 t - 3 bread rations {@e1}
 Q - a beef jerky {@e2}
 T - 5 royal jellies {@e3}
 V - 20 fruits {@e2}


   Skills:
 + Level 8.1 Fighting
 + Level 7.1 Maces & Flails
 - Level 5.0 Armour
 + Level 6.3 Dodging
 - Level 2.1 Stealth
 - Level 4.0 Shields
 * Level 10.5 Spellcasting
 + Level 8.4 Conjurations
   Level 0.7 Transmutations
 + Level 5.9 Fire Magic
 + Level 10.4 Earth Magic
 + Level 6.2 Evocations


You had 11 spell levels left.
You knew the following spells:

 Your Spells              Type           Power        Failure   Level  Hunger
a - Sandblast             Erth           ######       1%          1    None
b - Stone Arrow           Conj/Erth      #####.       1%          3    None
c - Lee's Rapid Deconstr  Erth           ######....   1%          5    ####...
d - Delayed Fireball      Conj/Fire      N/A          86%         7    #######
e - Fireball              Conj/Fire      #####.....   3%          5    ####...
f - Bolt of Fire          Conj/Fire      #####.....   21%         6    ######.


Dungeon Overview and Level Annotations

Branches:
Dungeon (10/15)            Temple (1/1) D:6            Lair (5/6) D:10
 Shoals (0/4) Lair:3       Spider (0/4) Lair:4
  Slime: Lair:5-6       Orc: D:9-12

Altars:
Ashenzari
Cheibriados
Dithmenos
Elyvilon
Fedhas
Gozag
Hepliaklqana
Kikubaaqudgha
Makhleb
Nemelex Xobeh
Okawaru
Pakellas
Qazlal
Ru
Sif Muna
Trog
Uskayaw
Vehumet
Xom
Yredelemnul
Zin
The Shining One

Shops:
D:7 *

Annotations:
D:3 Gruud's ghost, amateur DsNe


Innate Abilities, Weirdness & Mutations

You are resistant to torment.
Your stone body is resilient. (AC +9)
You are immune to poison.
You resist negative energy. (rN+)
You are resistant to electric shocks. (rElec)
You can survive without breathing.
You are immune to petrification.
You are immune to rotting.
You are surrounded by a mild repulsion field. (EV +2)


Message History

* * * LOW HITPOINT WARNING * * *
The black mamba closely misses you.
The killer bee buzzes angrily.
You're too confused to move!
You hear an angry buzzing noise.
The meliai hits you but does no damage. The meliai barely misses you.
The black mamba bites you but does no damage.
The meliai hits you but does no damage. The meliai barely misses you.
The black mamba completely misses you. The killer bee closely misses you.
The black mamba bites you!
* * * LOW HITPOINT WARNING * * *
The killer bee barely misses you. The meliai closely misses you.
The meliai stings you.
* * * LOW HITPOINT WARNING * * *
You miss the meliai.
The meliai is severely wounded.
The killer bee misses you. The black mamba misses you.
The meliai invokes the aid of its god against you.
Something smites you!
You die...

.................▓P...▓▓..##
....P............▓▓▓▓..▓...#
..#.#..P.........▓▓...▓▓...#
...###..P...P.....▓...P▓..##
..#..#.......P.............#
..........................##
........................>..#
..........................##
....▓..'.▓▓.....@..........#
...▓▓▓▓.▓▓▓....Syy........##
...▓.....▓▓..=.............##
...▓▓...........▒..P........#
..........▓..<▒▒▒..P▒......##
....▓.....+...▒.....▒.▒...##
...▓..........▒.▒...▒.....##
...............▒▒.........P##
........P.▓....▒▒...▒.▒.....#


You could see a black mamba, a meliai and a killer bee.

Vanquished Creatures
  Maud (Lair:4)
  A minotaur (Lab)
  A hydra (Lair:2)
  Erica (Lair:1)
  A death yak (Lair:4)
  The ghost of Fenrir042 the Unseen, a journeyman SpEn of Dithmenos (Lair:4)
  Sonja (Lair:2)
  A hill giant (D:10)
  A deep elf mage (D:9)
  Joseph (Lair:1)
  7 spiny frogs
  A komodo dragon (Lair:1)
  A centaur skeleton (D:10)
  5 rime drakes
  A troll (D:10)
  A polar bear (Lair:4)
  A meliai (Lair:5)
  Prince Ribbit (Lair:2)
  9 blink frogs
  Grinder (D:6)
  2 two-headed ogres
  A snapping turtle (Lair:3)
  Sigmund (D:5)
  A redback (Lair:4)
  A vampire (D:9)
  A wyvern (Lair:5)
  39 yaks
  4 basilisks
  5 hippogriffs
  2 hungry ghosts
  Menkaure (D:4)
  Edmund (D:5)
  6 water moccasins
  2 soldier ants (D:8)
  12 porcupines
  A phantom (D:5)
  2 sky beasts
  2 black bears
  3 ice beasts
  5 ogres
  A wasp (D:8)
  2 necrophages
  4 centaurs (D:6)
  13 wolves
  16 crocodiles
  3 big kobolds
  14 giant frogs
  2 elf zombies (D:7)
  A wyvern zombie (D:9)
  2 scorpions
  13 killer bees
  A wight (D:7)
  2 electric eels (Lair:4)
  6 howler monkeys
  6 crimson imps
  A giant frog zombie (D:8)
  4 jellies
  4 human zombies (D:7)
  An orc priest (D:4)
  Crazy Yiuf (D:4)
  A giant frog skeleton (D:5)
  A hound (D:9)
  8 iguanas
  A human skeleton (D:7)
  2 orc wizards
  5 hell rats
  5 worker ants
  2 hound skeletons
  4 mummies (D:7)
  2 worker ant zombies
  10 adders
  65 river rats
  A shadow imp (D:9)
  2 oozes
  An adder skeleton (D:5)
  2 worms
  A dart slug (D:1)
  7 giant geckos
  20 orcs
  6 giant cockroaches
  3 goblins
  6 hobgoblins
  13 jackals
  7 quokkas
  2 ball pythons (D:1)
  10 bats
  A giant gecko skeleton (D:6)
  3 giant newts
  16 kobolds
  10 rats
444 creatures vanquished.

Vanquished Creatures (others)
  A yak (D:5)
  A killer bee (Lair:5)
  11 fungi
  7 plants
20 creatures vanquished.

Grand Total: 464 creatures vanquished

Notes
Turn   | Place    | Note
--------------------------------------------------------------
     0 | D:1      | Fubayashi the Gargoyle Earth Elementalist began the quest for the Orb.
     0 | D:1      | Reached XP level 1. HP: 10/10 MP: 3/3
   281 | D:1      | Reached XP level 2. HP: 11/15 MP: 3/5
   984 | D:1      | Reached XP level 3. HP: 19/19 MP: 2/7
  1036 | D:1      | Learned a level 3 spell: Stone Arrow
  1968 | D:3      | Noticed Gruud's ghost (amateur DsNe)
  1976 | D:3      | Reached XP level 4. HP: 24/24 MP: 6/8
  2083 | D:2      | Reached skill level 1 in Conjurations
  3106 | D:3      | Found a burning altar of Makhleb.
  3817 | D:4      | Noticed an ogre
  3938 | D:4      | Reached XP level 5. HP: 28/28 MP: 8/10
  4011 | D:4      | Noticed Menkaure
  4337 | D:4      | Found a sacrificial altar of Ru.
  4337 | D:4      | Found a glowing golden altar of the Shining One.
  4694 | D:4      | Killed Menkaure
  4694 | D:4      | Reached skill level 5 in Earth Magic
  4694 | D:4      | Reached XP level 6. HP: 32/32 MP: 2/12
  4812 | D:4      | Found a runed door.
  5153 | D:5      | Entered Level 5 of the Dungeon
  5159 | D:5      | Killed a yak
  5170 | D:5      | Noticed Sigmund
  5179 | D:5      | Noticed a two-headed ogre
  5188 | D:5      | Killed a two-headed ogre
  5188 | D:5      | Reached skill level 5 in Spellcasting
  5188 | D:5      | Reached XP level 7. HP: 17/36 MP: 4/15
  5350 | D:5      | Learned a level 5 spell: Lee's Rapid Deconstruction
  5367 | D:5      | Killed Sigmund
  5367 | D:5      | Reached skill level 1 in Shields
  5619 | D:5      | Found a hazy altar of Hepliaklqana.
  5668 | D:5      | Found an oddly glowing altar of Pakellas.
  5668 | D:5      | Noticed an orange crystal statue
  5937 | D:5      | Found a basalt altar of Yredelemnul.
  6165 | D:5      | Reached skill level 1 in Fighting
  6165 | D:5      | Reached skill level 1 in Maces & Flails
  6165 | D:5      | Reached skill level 1 in Armour
  6165 | D:5      | Reached XP level 8. HP: 43/43 MP: 6/16
  6238 | D:6      | Found a staircase to the Ecumenical Temple.
  6245 | Temple   | Entered the Ecumenical Temple
  6349 | Temple   | Became a worshipper of Vehumet
  6538 | D:6      | Reached skill level 1 in Evocations
  7218 | D:6      | Noticed Grinder
  7250 | D:6      | Found an iron altar of Okawaru.
  7496 | D:6      | Reached * piety under Vehumet
  7496 | D:6      | Offered knowledge of Freeze by Vehumet.
  7745 | D:6      | Got a faintly glowing quarterstaff {pain}
  8173 | D:6      | Noticed Edmund
  8179 | D:6      | Paralysed by Grinder for 7 turns
  8210 | D:5      | Killed Edmund
  8210 | D:5      | Reached XP level 9. HP: 37/48 MP: 0/18
  8328 | D:6      | Killed Grinder
  9097 | D:7      | Reached skill level 5 in Conjurations
  9359 | D:7      | Found a stormy altar of Qazlal.
  9360 | D:7      | Found a snail-covered altar of Cheibriados.
 10084 | D:7      | Found a basalt altar of Yredelemnul.
 10107 | D:7      | Offered knowledge of Searing Ray by Vehumet.
 10210 | D:7      | Reached ** piety under Vehumet
 10476 | D:7      | Found Ysoruti's General Store.
 10830 | D:4      | Noticed Crazy Yiuf
 10831 | D:4      | Killed Crazy Yiuf
 10831 | D:4      | Reached XP level 10. HP: 56/56 MP: 17/20
 11007 | D:8      | Learned a level 7 spell: Delayed Fireball
 11471 | D:8      | Noticed an enchanted dagger
 11471 | D:8      | Noticed a hand axe
 11472 | D:8      | Found a hide-covered altar of Uskayaw.
 11484 | D:8      | Reached skill level 1 in Fire Magic
 11831 | D:8      | Got a wavering brass ring
 11872 | D:8      | Offered knowledge of Throw Frost by Vehumet.
 12728 | D:9      | Reached *** piety under Vehumet
 12898 | D:9      | Reached skill level 5 in Fighting
 13283 | D:9      | Found a sparkling altar of Nemelex Xobeh.
 13527 | D:9      | Reached XP level 11. HP: 56/63 MP: 12/23
 13635 | D:9      | Noticed a deep elf mage
 13637 | D:9      | Killed a deep elf mage
 13798 | D:10     | Entered Level 10 of the Dungeon
 13958 | D:10     | Offered knowledge of Throw Icicle by Vehumet.
 14193 | D:10     | Noticed a hill giant
 14572 | D:10     | Reached skill level 5 in Armour
 14877 | D:10     | Killed a hill giant
 15007 | D:10     | Found a staircase to the Lair.
 15042 | D:10     | Reached **** piety under Vehumet
 15183 | D:10     | Offered knowledge of Bolt of Magma by Vehumet.
 15360 | D:10     | Noticed a hill giant
 15739 | Lair:1   | Entered Level 1 of the Lair of Beasts
 16472 | Lair:1   | Reached skill level 5 in Evocations
 16504 | Lair:1   | Reached skill level 5 in Dodging
 16505 | Lair:1   | Noticed Joseph
 16518 | Lair:1   | Paralysed by Joseph for 3 turns
 16538 | Lair:1   | Paralysed by Joseph for 6 turns
 16715 | Lair:1   | Killed Joseph
 16715 | Lair:1   | Reached skill level 5 in Maces & Flails
 16715 | Lair:1   | Reached XP level 12. HP: 70/70 MP: 15/25
 17847 | Lair:1   | Noticed Erica
 17874 | Lair:1   | Killed Erica
 18206 | Lair:1   | Upgraded the game from 0.19-a0-821-gf489216 to 0.19-a0-831-gce7da8b
 18239 | Lair:1   | Identified the ring of Xauch {rElec rC+ MP+9} (You found it on level 8 of the Dungeon)
 18270 | Lair:1   | Gained mutation: You are surrounded by a mild repulsion field. (EV +2) [potion of beneficial mutation]
 18284 | Lair:2   | Noticed Sonja
 18339 | Lair:2   | Killed Sonja
 18441 | Lair:2   | Reached ***** piety under Vehumet
 18553 | Lair:2   | Offered knowledge of Iskenderun's Battlesphere by Vehumet.
 18885 | Lair:2   | Noticed Prince Ribbit
 19088 | Lair:2   | Killed Prince Ribbit
 19652 | Lair:3   | Found a dark tunnel.
 19661 | Volcano  | Entered a volcano
 20831 | Lair:3   | Reached skill level 5 in Fire Magic
 21233 | Lair:3   | Found a staircase to the Shoals.
 21601 | Lair:4   | Noticed a death yak
 21601 | Lair:4   | Noticed a death yak
 21680 | Lair:4   | Noticed Fenrir042's ghost (journeyman SpEn)
 21700 | Lair:4   | Killed Fenrir042's ghost
 21700 | Lair:4   | Reached skill level 10 in Spellcasting
 21937 | Lair:4   | Found a hole to the Spider Nest.
 21989 | Lair:4   | Reached XP level 13. HP: 63/76 MP: 11/27
 22331 | Lair:4   | Noticed Maud
 22331 | Lair:4   | Reached skill level 10 in Earth Magic
 23043 | Lair:4   | Killed Maud
 23583 | Lair:5   | Found a labyrinth entrance.
 23605 | Lab      | Entered a labyrinth
 24195 | Lab      | Noticed a minotaur
 24203 | Lab      | Killed a minotaur
 24218 | Lab      | Identified the Tome of Harmful Companions (You found it in a labyrinth)
 24658 | Lair:1   | Identified the cursed +1 quarterstaff of Terra Cotta {pain, Int+3 Stlth+} (You took it off an orc on level 6 of the Dungeon)
 24695 | Lair:1   | Learned a level 5 spell: Fireball
 24702 | Lair:1   | Learned a level 6 spell: Bolt of Fire
 25021 | Lair:5   | Offered knowledge of Ozocubu's Refrigeration by Vehumet.
 25285 | Lair:5   | HP: 3/78 [black mamba (14)]
 25285 | Lair:5   | HP: 1/78 [meliai/hand axe (2)]
 25286 | Lair:5   | Killed from afar by a meliai

Vault maps used:
D:1:      eino_arrival_cavern_b
D:3:      minmay_wonky_spiral, nicolae_overflow_crystal_walls, first_bread
D:4:      gammafunk_temple_overflow_elements, grunt_decor_mini_mirrors,
          uniq_crazy_yiuf_cottage, uniq_menkaure
D:5:      gammafunk_pakellas_statue_experiment, overflow_temple_1_default,
          nicolae_overflow_hidden_temple, uniq_sigmund
D:6:      kennysheep_mini, uniq_grinder, uniq_edmund
D:7:      gammafunk_temple_overflow_statue, serial_glass, glass_columns_b,
          glass_columns_c, glass_columns_a, glass_columns_a, glass_columns_c,
          glass_columns_b, serial_shops, shop,
          lemuel_mausoleum_altar_yredelemnul
D:8:      dancing_weapons_uskayaw, hangedman_pestilent_swarm
D:9:      kennysheep_blocky_hall, nemelex_xobeh_ov_fountains_minmay,
          guppyfry_early_elven_hall
D:10:     minmay_lair_entry_grove, serial_park_tiny_pond
Temple:   minmay_temple_curvy_loop
Lair:1:   portal_ice_cave_rime, grunt_megastairs_3, uniq_fannar, uniq_erica,
          uniq_joseph
Lair:2:   uniq_sonja, uniq_prince_ribbit2
Lair:3:   minmay_shoals_entry_hut, enter_volcano_2, serial_bayou_ford_a
Lair:4:   dummy_spider_entry, lemuel_fruit_fields, uniq_maud
Lair:5:   regret_index_bee_streams, lab_entry_generic,
          mumra_transporter_accident, minmay_holes, lemuel_fruit_tree
Lab:      labyrinth_watery, labyrinth_glass_1, nicolae_lab_x, lab_block
Volcano:  volcano_caves

Skill      XL: |  1  2  3  4  5  6  7  8  9 10 11 12 13 |
---------------+----------------------------------------+-----
Earth Magic    | 4 5 6 7 8 9 10 | 10.4
Spellcasting   | 3 4 5 6 7 8 9 10 | 10.5
Conjurations   | 1 2 3 4 5 6 7 8 |  8.4
Shields        | 1 3 4 |  4.0
Fighting       | 1 2 3 5 6 7 8 |  8.1
Maces & Flails | 1 2 3 5 6 7 |  7.1
Armour         | 1 2 3 4 5 |  5.0
Dodging        | 2 3 4 5 6 |  6.3
Evocations     | 1 3 5 6 |  6.2
Fire Magic     | 2 3 5 |  5.9
Stealth        | |  2.1
Transmutations | |  0.7

Action                   |  1- 3 |  4- 6 |  7- 9 | 10-12 | 13-15 || total
-------------------------+-------+-------+-------+-------+-------++-------
Melee: Unarmed           |    58 |       |       |       |       ||    58
       Club              |    31 |    74 |    79 |       |       ||   184
       Mace              |       |       |   160 |   205 |       ||   365
       Flail             |       |       |       |   142 |    39 ||   181
 Cast: Sandblast         |    56 |    64 |    86 |    23 |       ||   229
       Stone Arrow       |       |    13 |    74 |   324 |   144 ||   555
       Lee's Rapid Decon |       |       |       |    44 |     5 ||    49
       Fireball          |       |       |       |       |     1 ||     1
Evoke: Wand              |       |       |       |     4 |     1 ||     5
  Use: Scroll            |       |     6 |    12 |    11 |     3 ||    32
       Potion            |       |       |       |     5 |     4 ||     9
 Stab: Sleeping          |     1 |     1 |     1 |     3 |       ||     6
  Eat: Chunk             |     4 |     6 |    17 |    38 |     9 ||    74
       Bread ration      |       |     1 |       |       |       ||     1
       Beef jerky        |       |       |     1 |       |       ||     1
       Fruit             |       |       |     2 |     1 |       ||     3
       Royal jelly       |       |       |       |     3 |     1 ||     4
Armor: Robe              |    60 |    64 |   138 |   186 |    73 ||   521
Dodge: Dodged            |    96 |   120 |   190 |   359 |   129 ||   894
Block: Buckler           |       |       |    51 |   146 |    37 ||   234
